 Dungeon Crawl Stone Soup version 0.28.0-45-g0d030f2227 (webtiles) character file.

Game seed: 16134027644808088023

510 Descartes the Ruffian (level 6, -3/55 HPs)
             Began as a Troll Warper on Apr 5, 2022.
             Was a Priest of Wu Jian.
             Killed by nerve-wracking pain
             ... invoked by Grinder
              (14 damage)
             ... on level 4 of the Dungeon.
             The game lasted 00:04:26 (2380 turns).

Descartes the Ruffian (Troll Warper)                Turns: 2380, Time: 00:04:27

Health: -3/55      AC:  4    Str: 20    XL:     6   Next: 98%
Magic:  6/6        EV:  9    Int: 11    God:    Wu Jian [***...]
Gold:   169        SH:  0    Dex:  9    Spells: 5/7 levels left

rFire   . . .      SeeInvis .     - Unarmed
rCold   . . .      Faith    .   (no shield)
rNeg    . . .      Spirit   .   a - +0 robe
rPois   .          Reflect  .   (helmet restricted)
rElec   .          Harm     .   (no cloak)
rCorr   .          Rampage  .   (gloves unavailable)
Will    .....                   (boots unavailable)
Stlth   +.........              (no amulet)
HPRegen 0.98/turn               (no ring)
MPRegen 0.10/turn               (no ring)

@: no status effects
A: large, unfitting armour, claws 3, regeneration 1, shaggy fur 1, tough skin 1
a: Renounce Religion, Wall Jump, Serpent's Lash


You were on level 4 of the Dungeon.
You worshipped Wu Jian.
Wu Jian was most pleased with you.
You visited 1 branch of the dungeon, and saw 4 of its levels.

You collected 169 gold pieces.

Inventory:

Missiles
 c - 5 boomerangs of dispersal (quivered)
 d - 44 stones
 k - 8 boomerangs
 m - 10 poisoned darts
Armour
 a - a +0 robe (worn)
Scrolls
 b - a scroll of blinking
 e - 2 scrolls of identify {unknown}
 f - a scroll of holy word {unknown}
 i - 2 scrolls of noise {unknown}
 l - a scroll of immolation {unknown}
Potions
 g - 2 potions of heal wounds {unknown}
 h - 2 potions of curing {unknown}
 j - 2 potions of mutation {unknown}


   Skills:
 - Level 1.5 Fighting
 - Level 0.8 Throwing
 - Level 1.9 Dodging
 + Level 5.5 Unarmed Combat
 - Level 1.2 Spellcasting
 + Level 4.5 Translocations


You had 5 spell levels left.
You knew the following spells:

 Your Spells              Type           Power      Damage    Failure   Level
a - Blink                 Tloc           20%        N/A       8%          2

Your spell library contained the following spells:

 Spells                   Type           Power      Damage    Failure   Level
 Gell's Gravitas          Tloc           10%        N/A       14%         3
 Lesser Beckoning         Tloc           10%        N/A       14%         3
 Teleport Other           Tloc           10%        N/A       14%         3
 Corpse Rot               Necr/Air       0%         N/A       43%         2
 Poisonous Vapours        Pois/Air       0%         N/A       43%         2
 Conjure Flame            Conj/Fire      0%         6-21      67%         3
 Ignite Poison            Fire/Tmut/Pois 0%         N/A       67%         3
 Stone Arrow              Conj/Erth      0%         3d7       67%         3
 Manifold Assault         Tloc           10%        N/A       80%         5
 Animate Armour           Summ/Erth      0%         N/A       97%         4
 Sticky Flame             Conj/Fire      0%         2d3       97%         4
 Lehudib's Crystal Spear  Conj/Erth      0%         10d2      100%        8


Dungeon Overview and Level Annotations

Branches:
Dungeon (4/15)
 Temple: D:4-7

Altars:
Wu Jian

Shops:
D:2 [

Annotations:
D:4 Grinder


Innate Abilities, Weirdness & Mutations

You are too large for most types of armour.
You have claws for hands.
Your natural rate of healing is unusually fast.
You are covered in fur. (AC +1)
You have tough skin. (AC +1)


Message History

No target in view!
No target in view!
No target in view!
No target in view!
No target in view!
No target in view!
Unknown command.
Grinder is nearby!
You scratch Grinder but do no damage.
Grinder is moderately wounded.
Grinder gestures at you.
You suddenly lose the ability to move!
Grinder hits you!
You writhe in agony.
Grinder hits you. Grinder hits you. x2
Grinder gestures at you. Pain shoots through your body!
Grinder gestures at you. Pain shoots through your body! Grinder hits you.
You writhe in agony.
You can move again.
You barely miss Grinder.
Grinder is lightly wounded.
Grinder closely misses you.
You claw Grinder!
Grinder is heavily wounded.
Grinder gestures at you.
You barely resist.
Unknown command.
You scratch Grinder.
Grinder is severely wounded.
Grinder says, "Make like a tree!"
Grinder gestures at you. Pain shoots through your body!
* * * LOW HITPOINT WARNING * * *
You barely miss Grinder.
Grinder is severely wounded.
Grinder gestures at you. Pain shoots through your body!
You die...

###### ###
######..... #...
#......####
#....########.######
#....5@.......#
#....########## ##
#... ##. #.. #.. ##
#.# #†# ###.#
.####...# ........#


You could see Grinder.

Vanquished Creatures
  An ogre (D:4)
  A kobold brigand (D:3)
  An orc priest (D:3)
  A gnoll shaman (D:4)
  A hound (D:4)
  An orc wizard (D:3)
  8 gnolls
  8 adders
  An adder skeleton (D:4)
  2 worms
  A dart slug (D:1)
  8 orcs
  3 endoplasms
  A giant cockroach (D:1)
  3 goblins
  4 hobgoblins
  4 jackals
  15 kobolds
  4 quokkas
  11 ball pythons
  3 bats
  A frilled lizard (D:3)
  4 rats
87 creatures vanquished.

Notes
Turn   | Place    | Note
-------+----------+-------------------------------------------
     0 | D:1      | Descartes the Troll Warper began the quest for the Orb.
     0 | D:1      | Reached XP level 1. HP: 19/19 MP: 1/1
   114 | D:1      | Reached XP level 2. HP: 26/27 MP: 2/2
   153 | D:1      | Found a faded altar of an unknown god.
   176 | D:1      | Prayed at the altar of an unknown god.
   176 | D:1      | Became a worshipper of the Wu Jian Council
   176 | D:1      | Reached * piety under Wu Jian
   550 | D:1      | Learned a level 2 spell: Blink
   608 | D:2      | Found Jozxadeu's Antique Armour Emporium.
   741 | D:2      | Reached XP level 3. HP: 33/33 MP: 3/3
   780 | D:2      | Reached skill level 3 in Unarmed Combat
   888 | D:2      | Reached XP level 4. HP: 35/41 MP: 4/4
   939 | D:2      | Reached ** piety under Wu Jian
  1652 | D:3      | Reached skill level 4 in Unarmed Combat
  1652 | D:3      | Reached XP level 5. HP: 29/48 MP: 5/5
  1998 | D:4      | Reached XP level 6. HP: 53/55 MP: 6/6
  2081 | D:4      | Reached skill level 5 in Unarmed Combat
  2339 | D:4      | Reached *** piety under Wu Jian
  2354 | D:4      | Noticed Grinder
  2354 | D:4      | Paralysed by Grinder for 7 turns
  2369 | D:4      | Paralysed by Grinder for 7 turns
  2380 | D:4      | Killed from afar by Grinder

Illustrated notes

Levels and vault maps discovered:
D:1:      dpeg_arrival_solitude, layout_basic, ebering_ecumenical_altar_ruins
D:2:      layout_rooms, serial_shops, nicolae_shop_advertising_works
          [nicolae_subvault_shop_adworks], minmay_snake_closets
D:3:      cheibrodos_thug_alley, layout_basic
D:4:      layout_rooms, uniq_grinder

Skill      XL: |  1  2  3  4  5  6 |
---------------+-------------------+-----
Unarmed Combat | 3 4 5 |  5.5
Translocations | 3 4 |  4.5
Fighting       | |  1.5
Throwing       | |  0.8
Dodging        | |  1.9
Spellcasting   | |  1.2

Action                   |  1- 3 |  4- 6 || total
-------------------------+-------+-------++-------
Melee: Unarmed           |   102 |   203 ||   305
       Punch             |       |     2 ||     2
Invok: Lunge             |     6 |    17 ||    23
       Whirlwind         |     1 |     2 ||     3
 Stab: Sleeping          |       |     1 ||     1
Armor: Robe              |    37 |    38 ||    75
Dodge: Dodged            |    36 |    79 ||   115
